 Dungeon Crawl Stone Soup version 0.17.1-1-g73c8601 (webtiles) character file.

7665 seren the Basher (level 10, 0/91 HPs)
             Began as a Minotaur Berserker on Jan 1, 2016.
             Was a High Priest of Trog.
             Slain by a komodo dragon (10 damage)
             ... on level 1 of the Lair of Beasts on Jan 4, 2016.
             The game lasted 01:58:32 (10989 turns).

seren the Basher (Minotaur Berserker)              Turns: 10989, Time: 01:58:32

Health: 0/91       AC: 22    Str: 22    XL:     10   Next: 99%
Magic:  9/9        EV: 10    Int:  4    God:    Trog [*****.]
Gold:   599        SH:  5    Dex: 13    Spells: 0 memorised, 9 levels left

rFire  . . .     SeeInvis .     h - +1 mace (protect)
rCold  . . .     Clarity  .     k - +0 plate armour
rNeg   . . .     SustAt   .     K - +0 buckler
rPois  .         Gourm    .     (helmet restricted)
rElec  .         Spirit   .     (no cloak)
rCorr  .         Warding  .     m - +1 pair of gloves
rMut   .         Stasis   .     b - +0 pair of boots
MR     .....                    (no amulet)
Stlth  ..........               (no ring)
                                (no ring)

@: not resistant to hostile enchantments, extremely unstealthy
A: retaliatory headbutt, horns 2
a: Berserk, Trog's Hand, Brothers in Arms, Burn Spellbooks, Renounce Religion


You were on level 1 of the Lair of Beasts.
You worshipped Trog.
Trog was extremely pleased with you.
You were not hungry.

You visited 3 branches of the dungeon, and saw 13 of its levels.

You collected 599 gold pieces.

Inventory:

Hand Weapons
 a - a +0 mace
 h - a +1 mace of protection (weapon)
 y - a +0 whip
 A - a +0 mace
 B - a +0 flail
 H - a +0 giant spiked club
 T - the +2 whip of Punishment {slash, rF+ Str+2, unknown}
   (You found it on level 8 of the Dungeon)

   It inflicts extra damage upon your enemies.
   It affects your strength (+2).
   It protects you from fire.
 V - a +0 dagger of chaos
Missiles
 u - 16 poisoned needles
 G - 12 tomahawks (quivered)
 P - 2 throwing nets
Armour
 b - a +0 pair of boots (worn)
 g - a +0 scale mail of cold resistance
 k - a +0 plate armour (worn)
 m - a +1 pair of gloves (worn)
 n - the +4 robe of Space {rElec rC+ Int+4, unknown}
   (You found it on level 8 of the Dungeon)

   It affects your intelligence (+4).
   It protects you from cold.
   It insulates you from electricity.
 K - a +0 buckler (worn)
Jewellery
 i - an uncursed ring of wizardry
 q - an uncursed ring of positive energy
 s - an uncursed ring of wizardry
 F - an uncursed ring of teleportation
Wands
 d - a wand of slowing (34)
 p - a wand of magic darts (12)
 I - a wand of polymorph (9)
 X - a wand of disintegration (11)
Scrolls
 f - a scroll of immolation
 l - a scroll of teleportation
 x - a scroll of vulnerability {unknown}
 C - a scroll of blinking
 D - 5 scrolls of identify
 E - 3 scrolls of recharging
 M - a scroll of magic mapping {unknown}
 Q - a scroll of enchant weapon
Potions
 e - a potion of might {unknown}
 j - a potion of heal wounds
 o - a potion of lignification
 w - 2 potions of curing
 z - a potion of magic {unknown}
 L - a potion of haste {unknown}
Books
 t - a book of Power

   Spells                             Type                      Level
   a - Fulminant Prism                Conjuration/Hexes            4
   b - Iskenderun's Mystic Blast      Conjuration                  4
   c - Venom Bolt                     Conjuration/Poison           5
   d - Bolt of Magma                  Conjuration/Fire/Earth       5
   e - Iron Shot                      Conjuration/Earth            6
   f - Orb of Destruction             Conjuration                  7
   g - Spellforged Servitor           Conjuration/Summoning        7
   Trog disapproves of the use of such an item.
 J - a book of Callings

   Spells                             Type                      Level
   a - Summon Small Mammal            Summoning                    1
   b - Call Imp                       Summoning                    2
   c - Call Canine Familiar           Summoning                    3
   d - Summon Guardian Golem          Hexes/Summoning              3
   e - Summon Lightning Spire         Summoning/Air                4
   f - Summon Ice Beast               Ice/Summoning                4
   Trog disapproves of the use of such an item.
 S - a book of Spatial Translocations

   Spells                             Type                      Level
   a - Apportation                    Translocation                1
   b - Blink                          Translocation                2
   c - Shroud of Golubria             Charms/Translocation         2
   d - Portal Projectile              Translocation                3
   e - Teleport Other                 Translocation                3
   f - Passage of Golubria            Translocation                4
   Trog disapproves of the use of such an item.
Miscellaneous
 U - a stone of tremors
Comestibles
 c - 8 bread rations
 r - a royal jelly
 N - 4 beef jerkies
 O - 7 slices of pizza
 R - a meat ration
 W - 12 chunks of flesh


   Skills:
 - Level 9.4 Fighting
 - Level 12.3 Maces & Flails
 - Level 8.6 Armour
 - Level 8.1 Dodging
 + Level 7.0 Shields


You had 9 spell levels left.
You didn't know any spells.

Dungeon Overview and Level Annotations

Branches:
Dungeon (11/15)            Temple (1/1) D:6            Lair (1/8) D:8
    Orc: D:9-12

Altars:
Ashenzari
Cheibriados
Fedhas
Gozag
Kikubaaqudgha
Makhleb
Nemelex Xobeh
Okawaru
Qazlal
Ru
Sif Muna
Xom

Shops:
D:7 ?

Annotations:
D:6 Menkaure
D:10 exclusion: obsidian statue


Innate Abilities, Weirdness & Mutations

You reflexively headbutt those who attack you in melee.
You have a pair of horns on your head.


Message History

The komodo dragon is moderately wounded.
The komodo dragon closely misses you.
You completely miss the komodo dragon.
The komodo dragon is moderately wounded.
You hit the komodo dragon but do no damage.
You headbutt the komodo dragon.
The komodo dragon is moderately wounded.
You block the komodo dragon's attack.
You hit the komodo dragon but do no damage.
You headbutt the komodo dragon.
The komodo dragon is moderately wounded.
The komodo dragon bites you!
You completely miss the komodo dragon.
The komodo dragon is moderately wounded.
The komodo dragon bites you!!
* * * LOW HITPOINT WARNING * * *
You hit the komodo dragon.
The komodo dragon is moderately wounded.
The komodo dragon bites you!
You die...

..# ##.....##
....# ##.....##
.....# ##.....##
#.....# ##.....##
#.....###.....##
#...........##
#.........#.#
#.......#.##
##.@...####
#.l....(#
#.........#
#...P........
......P##.....#
#.....#####.....#
.....# ......
....# #..


You could see a komodo dragon.

Vanquished Creatures
  Psyche (D:8)
  2 two-headed ogres
  2 trolls (D:9)
  A shadow (D:8)
  Sigmund (D:3)
  2 yaks (D:9)
  A human (D:7)
  2 hippogriffs
  A soldier ant (D:8)
  4 sky beasts
  7 orc warriors
  A black bear (D:9)
  A necrophage (D:7)
  2 phantoms
  2 crocodiles
  7 ogres
  3 centaurs
  A brain worm (D:8)
  6 giant frogs
  Blork the orc (D:6)
  A wyvern skeleton (D:7)
  A scorpion (D:8)
  13 wights
  3 crimson imps
  2 centaur zombies
  13 hounds
  4 orc priests
  11 orc wizards
  3 jellies
  2 iguanas
  Jessica (D:2)
  Natasha (D:4)
  2 giant frog skeletons
  6 worker ants
  4 sheep (D:7)
  Robin (D:4)
  13 adders
  3 gnolls (D:6)
  4 oozes
  An adder zombie (D:7)
  5 worms
  9 giant geckos
  34 orcs
  3 giant cockroaches
  16 goblins
  15 hobgoblins
  10 jackals
  7 quokkas
  2 ball pythons
  9 bats
  A giant gecko skeleton (D:6)
  3 giant newts
  6 kobolds
  A quokka skeleton (D:4)
  10 rats
  A fungus (D:8)
  A plant (D:8)
270 creatures vanquished.

Vanquished Creatures (collateral kills)
  Grinder (D:3)
1 creature vanquished.

Grand Total: 271 creatures vanquished

Notes
Turn   | Place    | Note
--------------------------------------------------------------
     0 | D:1      | seren the Minotaur Berserker began the quest for the Orb.
     0 | D:1      | Reached XP level 1. HP: 19/19 MP: 0/0
   128 | D:1      | Reached skill level 4 in Maces & Flails
   130 | D:1      | Reached XP level 2. HP: 17/27 MP: 1/1
   618 | D:1      | Reached ** piety under Trog
   872 | D:2      | Reached skill level 5 in Maces & Flails
   872 | D:2      | Reached XP level 3. HP: 28/33 MP: 2/2
  1263 | D:2      | Reached XP level 4. HP: 40/40 MP: 3/3
  1467 | D:3      | Reached skill level 6 in Maces & Flails
  1533 | D:3      | Noticed Grinder
  1906 | D:4      | Noticed Robin
  1997 | D:3      | Reached *** piety under Trog
  2115 | D:2      | Reached XP level 5. HP: 46/46 MP: 4/4
  2265 | D:2      | Reached skill level 7 in Maces & Flails
  2345 | D:2      | Noticed Jessica
  2358 | D:2      | Killed Jessica
  2699 | D:3      | Paralysed by Grinder for 7 turns
  2771 | D:4      | Noticed an ogre
  2789 | D:4      | Killed an ogre
  2789 | D:4      | Reached skill level 8 in Maces & Flails
  2789 | D:4      | Reached XP level 6. HP: 52/52 MP: 5/5
  2991 | D:5      | Entered Level 5 of the Dungeon
  3239 | D:4      | Killed Robin
  3590 | D:5      | Got a warped leather armour
  3809 | D:5      | Found an ancient bone altar of Kikubaaqudgha.
  3809 | D:5      | Found a blossoming altar of Fedhas.
  4036 | D:5      | Reached skill level 9 in Maces & Flails
  4065 | D:5      | Found a sacrificial altar of Ru.
  4290 | D:6      | Noticed Blork the orc
  4290 | D:6      | Found a staircase to the Ecumenical Temple.
  4310 | D:5      | Reached XP level 7. HP: 24/58 MP: 6/6
  4543 | D:6      | Killed Blork the orc
  4835 | D:3      | Reached skill level 10 in Maces & Flails
  4842 | D:3      | Reached **** piety under Trog
  5000 | D:4      | Noticed an ogre
  5007 | D:4      | Killed an ogre
  5165 | D:4      | Noticed Natasha
  5172 | D:4      | Killed Natasha
  5533 | D:6      | Reached skill level 11 in Maces & Flails
  5594 | D:6      | Reached XP level 8. HP: 58/66 MP: 7/7
  5902 | D:7      | Reached skill level 12 in Maces & Flails
  6244 | D:7      | Found a sparkling altar of Nemelex Xobeh.
  6286 | D:7      | Reached skill level 5 in Fighting
  6414 | D:7      | Noticed a human
  6425 | D:7      | Killed a human
  6488 | D:7      | Reached XP level 9. HP: 51/74 MP: 8/8
  6503 | D:7      | Reached skill level 5 in Armour
  6570 | D:7      | Found a burning altar of Makhleb.
  6570 | D:7      | Found a deep blue altar of Sif Muna.
  6570 | D:7      | Found an opulent altar of Gozag.
  6663 | D:7      | Reached skill level 5 in Dodging
  6705 | D:7      | Received a gift from Trog
  7128 | D:7      | Found Qagoesurei's Magic Scroll Shop.
  7434 | D:8      | Reached ***** piety under Trog
  7491 | D:8      | Got a shimmering spear
  7521 | D:8      | Noticed a two-headed ogre
  7530 | D:8      | Got a polished whip
  7537 | D:8      | Killed a two-headed ogre
  7547 | D:8      | Lost intelligence.
  7638 | D:8      | Noticed Psyche
  7644 | D:8      | Killed Psyche
  7787 | D:6      | Reached XP level 10. HP: 85/88 MP: 9/9
  7981 | Temple   | Entered the Ecumenical Temple
  7993 | D:6      | Noticed Menkaure
  8400 | D:3      | Killed Grinder
  8466 | D:3      | Noticed a phantom
  8488 | D:3      | Killed a phantom
  8513 | D:3      | Noticed Sigmund
  8519 | D:3      | Killed Sigmund
  9008 | D:8      | Found a staircase to the Lair.
  9034 | D:8      | Got a faintly humming robe
  9080 | Lair:1   | Entered Level 1 of the Lair of Beasts
  9741 | D:9      | Found a stormy altar of Qazlal.
  9931 | D:10     | Entered Level 10 of the Dungeon
 10263 | D:9      | Reached skill level 1 in Shields
 10601 | D:10     | Reached skill level 5 in Shields
 10763 | D:10     | Noticed an obsidian statue
 10989 | Lair:1   | Slain by a komodo dragon

Action                   |  1- 3 |  4- 6 |  7- 9 | 10-12 || total
-------------------------+-------+-------+-------+-------++-------
Melee: Mace              |    82 |   140 |    36 |   143 ||   401
       Flail             |       |       |   238 |   175 ||   413
Throw: Stone             |       |     9 |       |       ||     9
       Tomahawk          |       |     5 |       |       ||     5
       Javelin           |       |       |     1 |     1 ||     2
Invok: Berserk           |     3 |    13 |    12 |     9 ||    37
       Trog's Hand       |     1 |       |     1 |     2 ||     4
       Burn Spellbooks   |       |       |       |     1 ||     1
       Brothers in Arms  |       |       |       |     1 ||     1
  Use: Scroll            |       |     7 |     7 |     6 ||    20
       Potion            |       |     5 |     1 |     1 ||     7
  Eat: Chunk             |     2 |    13 |    17 |    18 ||    50
       Meat ration       |     1 |     1 |     1 |       ||     3
       Pizza             |       |     1 |     2 |       ||     3
       Royal jelly       |       |       |       |     1 ||     1
